 Dungeon Crawl Stone Soup version 0.29-a0-367-gc2b5878c41 (webtiles) character file.

Game seed: 6981631965264592206

8190 Gargoyl the Basher (level 11, -4/69 HPs)
             Began as a Gargoyle Abyssal Knight on May 1, 2022.
             Was a Priest of Lugonu.
             Slain by a yak (7 damage)
             ... on level 11 of the Dungeon.
             The game lasted 00:14:31 (12383 turns).

Gargoyl the Basher (Gargoyle Abyssal Knight)       Turns: 12383, Time: 00:14:31

Health: -4/69      AC: 22    Str: 18    XL:     11   Next: 27%
Magic:  0/13       EV:  9    Int: 12    God:    Lugonu [***...]
Gold:   338        SH:  0    Dex: 14    Spells: 10/10 levels left

rFire   . . .      SeeInvis .   b - +9 mace "Qeuleg" {flame, rElec rN+ Int+2}
rCold   . . .      Faith    .   (no shield)
rNeg    + + .      Spirit   +   w - +0 chain mail of the Lotus Blossom {Rampage Stlth+}
rPois   ∞          Reflect  .   (helmet restricted)
rElec   +          Harm     .   (no cloak)
rCorr   .          Rampage  +   c - +2 pair of gloves
Will    .....                   (no boots)
Stlth   ..........              k - amulet of guardian spirit
HPRegen 0.21/turn               (no ring)
MPRegen 0.13/turn               (no ring)

@: no status effects
A: sickness immunity, AC +8, negative energy resistance 1, electricity
resistance, torment resistance 1, petrification resistance, antennae 1, low MP 1
a: Renounce Religion, Depart the Abyss, Bend Space, Banish


You were on level 11 of the Dungeon.
You worshipped Lugonu.
Lugonu was most pleased with you.
You visited 1 branch of the dungeon, and saw 11 of its levels.
You visited the Abyss 4 times.

You collected 547 gold pieces.
You spent 209 gold pieces at shops.

Inventory:

Hand Weapons
 b - the +9 mace "Qeuleg" (weapon) {flame, rElec rN+ Int+2}
   (You found it on level 2 of the Dungeon)

   It burns those it strikes, dealing additional fire damage.
   Int:       It affects your intelligence (+2).
   rElec:     It insulates you from electricity.
   rN:        It protects you from negative energy.
 x - a +2 hand axe of freezing
Missiles
 f - 26 poisoned darts (quivered)
 l - a throwing net
Armour
 c - a +2 pair of gloves (worn)
 m - a +1 helmet
 w - the +0 chain mail of the Lotus Blossom (worn) {Rampage Stlth+}
   (You bought it in a shop on level 4 of the Dungeon)

   Rampage:   It bestows one free step when moving towards enemies.
   Stlth:     It makes you more stealthy.
Jewellery
 h - a ring of willpower
 i - a ring of see invisible
 k - an amulet of guardian spirit (around neck)
Wands
 t - a wand of flame (27)
 v - a wand of charming (12)
 y - a wand of mindburst (17)
Scrolls
 a - a scroll of enchant weapon
 A - 2 scrolls of magic mapping
Potions
 d - 3 potions of magic
 e - 2 potions of curing
 g - a potion of cancellation
 j - a potion of haste
 n - 2 potions of flight
 o - a potion of ambrosia
 p - 2 potions of mutation
 q - 2 potions of resistance
 r - 5 potions of lignification
 s - 3 potions of brilliance
 u - 2 potions of might
 C - a potion of invisibility {unknown}


   Skills:
 + Level 8.7 Fighting
 + Level 3.2(6.9) Axes
 + Level 10.4(10.7) Maces & Flails
 + Level 0.9 Throwing
 + Level 9.7 Armour
 + Level 3.5 Dodging
 + Level 2.7 Stealth
 * Level 5.6 Invocations


You had 10 spell levels left.
You didn't know any spells.
Your spell library contained the following spells:

 Spells                   Type           Power      Damage    Failure   Level
 Animate Skeleton         Necr           0%         N/A       96%         1
 Apportation              Tloc           0%         N/A       96%         1
 Beastly Appendage        Tmut           0%         N/A       96%         1
 Magic Dart               Conj           0%         1d3       96%         1
 Pain                     Necr           0%         1d4       96%         1
 Sandblast                Erth           0%         2d4       96%         1
 Call Imp                 Summ           0%         N/A       99%         2
 Corpse Rot               Necr/Air       0%         N/A       99%         2
 Ensorcelled Hibernation  Hex/Ice        0%         N/A       99%         2
 Passwall                 Tmut/Erth      0%         N/A       99%         2
 Searing Ray              Conj           0%         2d4       99%         2
 Wereblood                Tmut           0%         N/A       99%         2
 Dazzling Flash           Conj/Hex       0%         N/A       100%        3
 Gell's Gravitas          Tloc           0%         N/A       100%        3
 Mephitic Cloud           Conj/Pois/Air  0%         N/A       100%        3
 Portal Projectile        Hex/Tloc       0%         N/A       100%        3
 Spider Form              Tmut/Pois      0%         N/A       100%        3
 Stone Arrow              Conj/Erth      0%         3d7       100%        3
 Swiftness                Air            0%         N/A       100%        3
 Teleport Other           Tloc           0%         N/A       100%        3
 Vampiric Draining        Necr           0%         2d6       100%        3
 Dispel Undead            Necr           0%         3d6       100%        4
 Fulminant Prism          Conj/Hex       0%         3d6       100%        4
 Iskenderun's Mystic Bla  Conj/Tloc      0%         2d3       100%        4
 Petrify                  Tmut/Erth      0%         N/A       100%        4
 Summon Ice Beast         Ice/Summ       0%         N/A       100%        4
 Irradiate                Conj/Tmut      0%         3d13      100%        5
 Manifold Assault         Tloc           0%         N/A       100%        5
 Summon Mana Viper        Hex/Summ       0%         N/A       100%        5
 Death Channel            Necr           0%         N/A       100%        6
 Dispersal                Tloc           0%         N/A       100%        6
 Starburst                Conj/Fire      0%         6d3       100%        6
 Monstrous Menagerie      Summ           0%         N/A       100%        7
 Sublimation of Blood     Necr           Unusable   N/A       N/A         2

Dungeon Overview and Level Annotations

Branches:
Dungeon (11/15)            Temple (0/1) D:5
   Lair: D:8-11         Orc: D:9-12

Altars:
Gozag
Kikubaaqudgha
Okawaru
Sif Muna

Shops:
D:4 *   D:6 [

Portals:
Abyss: D:4

Annotations:
D:11 Harold


Innate Abilities, Weirdness & Mutations

You are immune to sickness and miasma.
Your stone body is resilient. (AC +8)
You are immune to poison.
You resist negative energy. (rN+)
You are resistant to electric shocks. (rElec)
You are resistant to unholy torment.
You are immune to petrification.
You have a pair of small antennae on your head.
Your magical capacity is low. (-10% MP)


Message History

You hear a roar!
You start resting.
A spatial maelstrom comes into view.
A spatial vortex comes into view.
Your magical effects are unravelling.
You feel magically purged.
The sentinel's mark upon you fades away.
A flayed ghost comes into view.
As you read the scroll of teleportation, it crumbles to dust.
You feel strangely unstable.
You feel the power of the Abyss delaying your translocation!
The spatial maelstrom hits you but does no damage.
The spatial maelstrom barely misses you.
The spatial maelstrom attacks as you move away!
The spatial maelstrom hits you!
* * * LOW HITPOINT WARNING * * *
You blink.
A starcursed mass comes into view.
The spatial maelstrom hits you but does no damage.
The spatial maelstrom barely misses you.
Okay, then.
Space bends violently around you!
You blink.
A starcursed mass splits.
Unknown command.
A starcursed mass splits. x2
A spatial vortex comes into view.
A spatial vortex comes into view.
A starcursed mass splits.
A chorus of shrieks assaults your mind.
* * * LOW HITPOINT WARNING * * *
You pass through the gate.
Welcome back to the Dungeon!
Level annotation: Harold The wyvern closely misses you.
The yak gores you but does no damage. x2
The wyvern bites you but does no damage.
Space bends violently around you!
You blink.
Found a potion of cancellation and a scroll of teleportation.
As you read the scroll of teleportation, it crumbles to dust.
You feel strangely stable. The yak attacks as you move away! The yak gores you!
You die...

.... .........
.... .. ..... .?
... .... #.
.###...
.#####.##......
..............
..........##Y#
.......@Y.##<###.#
.....?.....YYY...#
..........##.###.#
##.!.......l@{#
#...#######$.#
##.. ...# #. #..#
## .... ....


You could see 4 yaks and a wyvern.

Vanquished Creatures
  A two-headed ogre (D:8)
  The ghost of thewurscht the Holy Warrior, a novice DrMo of the Shining One (D:6)
  A komodo dragon (D:6)
  A troll (D:9)
  2 ancient zymes (Abyss:2)
  The ghost of haldagan the Skirmisher, an amateur PaFi of Wu Jian (D:4)
  Sigmund (D:3)
  A shadow (D:10)
  3 yaks (D:10)
  2 vampires
  2 wyverns (D:10)
  A steam dragon (D:7)
  A water moccasin (D:6)
  5 ice beasts
  4 orc warriors
  3 sky beasts
  A black bear (D:5)
  An ogre (D:6)
  4 centaurs
  2 phantoms
  5 kobold brigands
  A gnoll sergeant (D:6)
  2 bullfrogs
  A necrophage (D:2)
  5 scorpions
  3 wights (D:9)
  A small abomination (D:4)
  15 killer bees
  A vampire bat (D:5)
  3 howler monkeys
  2 hounds
  A quasit (D:4)
  A gnoll shaman (D:5)
  4 orc priests
  3 jellies
  Jessica (D:3)
  2 iguanas
  Natasha (thrice) (D:3)
  10 orc wizards
  Robin (D:3)
  15 gnolls
  5 adders
  A shadow imp (D:4)
  4 white imps
  An ufetubus (D:6)
  2 dart slugs
  3 fire bats (D:5)
  34 orcs
  2 spectral bats (D:5)
  3 bat skeletons (D:5)
  A bat zombie (D:5)
  11 endoplasms
  A giant cockroach (D:2)
  12 goblins
  12 hobgoblins
  3 jackals (D:3)
  24 kobolds
  4 quokkas
  6 ball pythons
  14 bats
  A bat simulacrum (D:5)
  9 frilled lizards
  7 rats
278 creatures vanquished.

Notes
Turn   | Place    | Note
-------+----------+-------------------------------------------
     0 | Abyss:1  | Gargoyl the Gargoyle Abyssal Knight began the quest for the
                  | Orb.
     0 | Abyss:1  | Reached XP level 1. HP: 14/14 MP: 2/2
     0 | D:1      | Escaped the Abyss
   193 | D:1      | Reached ** piety under Lugonu
   323 | D:1      | Reached XP level 2. HP: 17/19 MP: 3/3
   776 | D:1      | Found a faded altar of an unknown god.
  1001 | D:1      | Reached XP level 3. HP: 20/24 MP: 4/4
  1387 | D:2      | Noticed a necrophage
  1398 | D:2      | Killed a necrophage
  1399 | D:2      | Reached skill level 1 in Dodging
  1399 | D:2      | Reached XP level 4. HP: 28/30 MP: 5/5
  1472 | D:2      | Identified the +9 mace "Qeuleg" {flame, rElec rN+ Int+2}
  2050 | D:3      | Noticed Jessica
  2053 | D:3      | Killed Jessica
  2054 | D:3      | Reached XP level 5. HP: 34/34 MP: 6/6
  2176 | D:3      | Noticed Natasha
  2184 | D:3      | Killed Natasha
  2185 | D:3      | Reached skill level 1 in Stealth
  2429 | D:3      | Reached skill level 1 in Maces & Flails
  2441 | D:3      | Noticed Robin
  2445 | D:3      | Killed Robin
  2454 | D:3      | Reached *** piety under Lugonu
  2645 | D:3      | Noticed Natasha
  2650 | D:3      | Killed Natasha
  2651 | D:3      | Reached XP level 6. HP: 39/39 MP: 7/7
  2677 | D:3      | Found an opulent altar of Gozag.
  2998 | D:3      | Noticed Sigmund
  3001 | D:3      | Killed Sigmund
  3002 | D:3      | Reached skill level 5 in Fighting
  3002 | D:3      | Reached skill level 3 in Maces & Flails
  3005 | D:3      | Reached XP level 7. HP: 44/44 MP: 8/8
  3035 | D:3      | Noticed Natasha
  3041 | D:3      | Killed Natasha
  3127 | D:4      | Found a transporter.
  3162 | D:4      | Found a transporter.
  3430 | D:4      | Found a one-way gate to the infinite horrors of the Abyss.
  3446 | D:4      | Found Gorcha's Assorted Antiques.
  3952 | D:4      | Noticed haldagan's ghost (amateur PaFi)
  3995 | D:4      | Cast into level 2 of the Abyss (kobold brigand)
  4059 | Abyss:2  | Noticed an ancient zyme
  4064 | Abyss:2  | Noticed a smoke demon
  4068 | Abyss:2  | Killed an ancient zyme
  4069 | D:4      | Escaped the Abyss
  4071 | D:4      | Reached skill level 4 in Maces & Flails
  4119 | D:4      | Killed haldagan's ghost
  4120 | D:4      | Reached skill level 5 in Maces & Flails
  4120 | D:4      | Reached skill level 5 in Armour
  4120 | D:4      | Reached XP level 8. HP: 28/50 MP: 7/9
  4260 | D:4      | Got Lugonu's Reference Book on the Traveller
  4275 | D:4      | Voluntarily entered the Abyss.
  4276 | Abyss:1  | Noticed an apocalypse crab
  4282 | D:4      | Escaped the Abyss
  4474 | D:5      | Entered Level 5 of the Dungeon
  4543 | D:5      | Found an ancient bone altar of Kikubaaqudgha.
  5026 | D:5      | Reached skill level 6 in Maces & Flails
  5421 | D:5      | Found a staircase to the Ecumenical Temple.
  5585 | D:6      | Found Koekod's Armour Emporium.
  5593 | D:6      | Reached XP level 9. HP: 40/55 MP: 10/10
  5761 | D:4      | Bought a twisted chain mail for 209 gold pieces
  5761 | D:4      | Identified the +0 chain mail of the Lotus Blossom {Rampage
                  | Stlth+} (You bought it in a shop on level 4 of the Dungeon)
  5806 | D:6      | Found a runed translucent gate.
  5808 | D:6      | Found a runed translucent gate.
  5814 | D:6      | Found a runed translucent gate.
  5816 | D:6      | Noticed a komodo dragon
  5822 | D:6      | Noticed thewurscht's ghost (novice DrMo)
  5848 | D:6      | Found an iron altar of Okawaru.
  5987 | D:6      | Reached skill level 7 in Maces & Flails
  6653 | D:6      | Killed a komodo dragon
  6668 | D:6      | Killed thewurscht's ghost
  6669 | D:6      | Reached skill level 8 in Maces & Flails
  7052 | D:7      | Reached **** piety under Lugonu
  7053 | D:7      | Reached XP level 10. HP: 63/63 MP: 12/12
  7287 | D:7      | Reached skill level 9 in Maces & Flails
  8997 | D:8      | Found a shimmering blue altar of Sif Muna.
  9082 | D:8      | Noticed a two-headed ogre
  9096 | D:8      | Killed a two-headed ogre
  9924 | D:9      | Gained mutation: You have a pair of small antennae on your
                  | head. [potion of mutation]
  9924 | D:9      | Gained mutation: Your magical capacity is low. (-10% MP)
                  | [potion of mutation]
 10299 | D:9      | Reached skill level 5 in Invocations
 10318 | D:9      | Reached skill level 10 in Maces & Flails
 10330 | D:9      | Reached XP level 11. HP: 66/69 MP: 10/13
 10580 | D:9      | Reached ***** piety under Lugonu
 10812 | D:9      | Identified the +2 chain mail "Wemeng" {rC- Dex+6 SInv}
 11198 | D:10     | Entered Level 10 of the Dungeon
 12311 | D:11     | Noticed Harold
 12324 | D:11     | HP: 3/69 [Harold/+0 war axe (3)]
 12368 | Abyss:2  | Noticed a spatial maelstrom
 12369 | Abyss:2  | Noticed a flayed ghost
 12373 | Abyss:2  | Noticed a starcursed mass
 12380 | D:11     | Escaped the Abyss
 12383 | D:11     | Slain by a yak

Illustrated notes

Levels and vault maps discovered:
D:1:      lemuel_arrival_funnel, layout_basic, chequers_ecumenical_altar_grove
D:2:      layout_loops_ring
D:3:      layout_loops_ring, grunt_gozag_breadcrumbs, minmay_joined_circles,
          uniq_sigmund, uniq_natasha, uniq_robin, uniq_jessica
D:4:      layout_cave_pods, gammafunk_ghost_abyssal_escape, serial_shops,
          nicolae_shop_statue_plus
D:5:      layout_loops_cross, kennysheep_mini_moat, lemuel_temple_firewalk_b,
          solitary_fountain, grunt_decor_junction, goddamned_bats
D:6:      layout_loops_corners, okawaru_ov_weapons_minmay, serial_shops, shop,
          gammafunk_ghost_split, minmay_tree_intersection
D:7:      layout_basic, dreamdust_gnoll_farm
D:8:      layout_basic, mainiacjoe_overflow_tiny_flanked
D:9:      layout_stronghold, enter_bailey_7
D:10:     layout_roguey, minivault_22
D:11:     layout_basic, due_lair_maze_entry_diamond, hex_tiny, zin_treasury,
          uniq_urug, uniq_harold

Skill      XL: |  1  2  3  4  5  6  7  8  9 10 |
---------------+-------------------------------+-----
Axes           | 2 3 |  3.2
Fighting       | 4 5 6 7 8 |  8.7
Dodging        | 1 2 3 |  3.5
Stealth        | 1 2 |  2.7
Maces & Flails | 1 3 5 6 8 10 | 10.4
Armour         | 3 5 6 7 9 |  9.7
Invocations    | 5 |  5.6
Throwing       | |  0.9

Action                   |  1- 3 |  4- 6 |  7- 9 | 10-12 || total
-------------------------+-------+-------+-------+-------++-------
Melee: Hand axe          |    88 |       |       |       ||    88
       Punch             |     1 |     1 |     5 |     3 ||    10
       Mace              |       |    92 |   252 |   392 ||   736
Throw: Dart              |       |       |     1 |     5 ||     6
Invok: Depart the Abyss  |     1 |       |     2 |     1 ||     4
       Bend Space        |       |       |       |     2 ||     2
       Enter the Abyss   |       |       |       |     1 ||     1
  Use: Scroll            |       |     4 |     9 |    17 ||    30
       Potion            |       |       |     3 |     6 ||     9
 Stab: Sleeping          |     1 |       |       |       ||     1
       Held in net/web   |       |       |       |     1 ||     1
Armor: Leather armour    |    44 |       |       |       ||    44
       Chain mail        |       |    84 |   231 |   345 ||   660
Dodge: Dodged            |    50 |    35 |   135 |   169 ||   389

Table legend: (Time is in decaauts)
 A = Elapsed time spent in this place.
 B = Non-inter-level travel time spent in this place.
 C = Inter-level travel time spent in this place.
 D = Time resting spent in this place.
 E = Time spent auto-exploring this place.
 F = Levels seen in this place.
 G = Mean time per level.
                   A        B        C        D        E       F      G
               +--------+--------+--------+--------+--------+-----+--------+
         Total |  12424 |  12026 |    398 |    403 |   9360 |  16 |  776.5 |
       Dungeon |  12290 |  11892 |    398 |    375 |   9300 |  11 | 1117.3 |
         Abyss |    133 |    133 |      0 |     28 |     60 |   5 |   26.6 |
               +--------+--------+--------+--------+--------+-----+--------+

Top non-repeatable levels by time:
     D:9: 1750 daAuts
     D:7: 1432 daAuts
     D:1: 1386 daAuts
     D:4: 1316 daAuts
     D:5: 1315 daAuts
     D:6: 1228 daAuts
    D:10: 1099 daAuts
     D:3: 1097 daAuts
     D:8: 971 daAuts
     D:2: 674 daAuts
 Abyss:2: 120 daAuts
    D:11: 18 daAuts
 Abyss:1: 13 daAuts
